 Dungeon Crawl Stone Soup version 0.28-a0-1199-gef9e1dbd39 (webtiles) character file.

Game seed: 10793902278810373384

892249 frimble the Slayer (level 27, -18/242 HPs)
             Began as a Demonspawn Warper on Dec 19, 2021.
             Was the Champion of Cheibriados.
             Killed from afar by a balrug (20 damage)
             ... with a bolt of fire
             ... summoned by Cerebov
             ... in Pandemonium on Dec 20, 2021.
             The game lasted 02:09:27 (63000 turns).

frimble the Slayer (Demonspawn Warper)             Turns: 63000, Time: 02:09:28

Health: -18/242    AC: 24    Str: 26 (27) XL:     27
Magic:  39/45      EV: 31    Int: 45      God:    Cheibriados [******]
Gold:   11712      SH: 21    Dex: 26      Spells: 30/62 levels left

rFire   . . .      SeeInvis .   a - +7 Singing Sword {vorpal, sonic wave}
rCold   + . .      Faith    .   l - +5 kite shield {AC+3}
rNeg    + + +      Spirit   .   s - +1 robe of Vines {NoPotionHeal Regen++++}
rPois   ∞          Reflect  .   (helmet unavailable)
rElec   .          Harm     .   Z - +1 cloak of Starlight {*Dazzle EV+4 Stlth--}
rCorr   .          Rampage  .   A - +2 pair of gloves
Will    ++++.                   V - +2 pair of boots {Stlth+}
Stlth   ++++......              J - amulet of Curiosity {rF+ rN+ Regen+}
HPRegen 9.50/turn               B - ring "Toekh" {rPois Will+ Int+4 Stlth+}
MPRegen 0.29/turn               W - ring "Wiahenki" {Wiz rN++ Dex-4 Slay+5}

@: about to teleport, lich-form, fire vulnerable, very slow
A: draining attack, torment immunity, no potions, horns 3, slimy green scales 3,
powered by death 3, spiny 3, corrupting presence 2, word of chaos
}: 9/15 runes: decaying, slimy, silver, golden, abyssal, demonic, fiery, dark,
gossamer
a: Word of Chaos, End Transformation, Renounce Religion, Bend Time, Temporal
Distortion, Slouch, Step From Time


You were in Pandemonium.
You worshipped Cheibriados.
Cheibriados was exalted by your worship.
You were an undead lich.
You visited 13 branches of the dungeon, and saw 60 of its levels.
You visited Pandemonium 2 times, and saw 19 of its levels.
You visited the Abyss 1 time.
You visited 1 bazaar.
You also visited: Ossuary and Wizlab.

You collected 16672 gold pieces.
You spent 4960 gold pieces at shops.

Inventory:

Hand Weapons
 a - the +7 Singing Sword (weapon) {vorpal, sonic wave}
   (You subdued it on level 2 of the Orcish Mines)

   It inflicts extra damage upon your enemies.
   It radiates damaging sonic waves as it strikes, especially in combat
   involving dangerous or numerous foes.
 b - a +8 vampiric quick blade
Missiles
 c - 4 silver boomerangs
 o - 3 throwing nets
 q - 42 boomerangs (quivered)
 z - 4 silver javelins
 I - 9 javelins
Armour
 l - a +5 kite shield of protection (worn)
 s - the +1 robe of Vines (worn) {NoPotionHeal Regen++++}
   (You took it off a deep elf death mage on level 3 of the Elven Halls)

   Its wearer cannot be healed by potions.
   Regen:     It increases your rate of health regeneration.
 A - a +2 pair of gloves (worn)
 V - a +2 pair of boots of stealth (worn)
 Z - the +1 cloak of Starlight (worn) {*Dazzle EV+4 Stlth--}
   (You acquired it on level 14 of the Dungeon)

   It may blind those who miss an attack against the wearer in melee combat.
   EV:        It affects your evasion (+4).
   Stlth:     It makes you much less stealthy.
Jewellery
 p - an amulet of magic regeneration
 t - the ring "Eppybb" {rF++ rC+ Str-4 Dex+6}
   (You found it in a wizard's laboratory)

   [ring of dexterity]

   Str:       It affects your strength (-4).
   Dex:       It affects your dexterity (+6).
   rF:        It greatly protects you from fire.
   rC:        It protects you from cold.
 B - the ring "Toekh" (left hand) {rPois Will+ Int+4 Stlth+}
   (You found it in Pandemonium)

   [ring of poison resistance]

   Int:       It affects your intelligence (+4).
   rPois:     It protects you from poison.
   Will:      It increases your willpower.
   Stlth:     It makes you more stealthy.
 C - the ring of Womn {rN+ Str-2 Int+7 SInv Stlth-}
   (You took it off an ancient champion on level 3 of the Crypt)

   [ring of positive energy]

   Str:       It affects your strength (-2).
   Int:       It affects your intelligence (+7).
   rN:        It protects you from negative energy.
   SInv:      It lets you see invisible.
   Stlth:     It makes you less stealthy.
 G - a +6 ring of intelligence
 J - the amulet of Curiosity (around neck) {rF+ rN+ Regen+}
   (You bought it in a shop on level 2 of the Orcish Mines)

   [amulet of regeneration]

   rF:        It protects you from fire.
   rN:        It protects you from negative energy.
   Regen:     It increases your rate of health regeneration.
 W - the ring "Wiahenki" (right hand) {Wiz rN++ Dex-4 Slay+5}
   (You found it on level 1 of the Swamp)

   [ring of wizardry]

   It improves your spell success rate.
   Dex:       It affects your dexterity (-4).
   Slay:      It affects your accuracy & damage with ranged weapons and melee
   (+5).
   rN:        It greatly protects you from negative energy.
Wands
 j - a wand of digging (11)
 P - a wand of acid (29)
 R - a wand of iceblast (24)
Scrolls
 e - 7 scrolls of amnesia
 f - 11 scrolls of blinking
 h - 2 scrolls of brand weapon
 i - 29 scrolls of teleportation
 r - 4 scrolls of summoning
 u - 4 scrolls of silence
 y - 4 scrolls of magic mapping
 D - 45 scrolls of identify
 F - 2 scrolls of enchant weapon
 Q - 6 scrolls of immolation
 S - 6 scrolls of fear
 U - 7 scrolls of enchant armour
 X - 5 scrolls of fog
Potions
 d - 2 potions of resistance
 g - 27 potions of curing
 k - 7 potions of attraction
 m - 4 potions of might
 n - 13 potions of flight
 v - 29 potions of mutation
 w - 9 potions of magic
 x - 10 potions of haste
 E - 5 potions of ambrosia
 H - 8 potions of invisibility
 L - 5 potions of cancellation
 M - 11 potions of heal wounds
 O - 5 potions of berserk rage
 T - 7 potions of brilliance
Miscellaneous
 K - a condenser vane
 N - a tin of tremorstones (2/2)
 Y - a figurine of a ziggurat


   Skills:
 - Level 25.0 Fighting
 - Level 6.4(11.9) Short Blades
 - Level 15.5(16.0) Long Blades
 - Level 13.5 Throwing
 - Level 0.8 Armour
 - Level 15.5 Dodging
 - Level 7.6 Stealth
 - Level 15.0 Shields
 - Level 18.0 Spellcasting
 - Level 17.0 Necromancy
 - Level 13.0 Translocations
 - Level 16.0 Transmutations
 + Level 21.0 Earth Magic
 - Level 20.0 Invocations
 - Level 11.0 Evocations


You had 30 spell levels left.
You knew the following spells:

 Your Spells              Type           Power      Damage    Failure   Level
a - Necromutation         Tmut/Necr      68%        N/A       1%          8
b - Passwall              Tmut/Erth      98%        N/A       0%          2
c - Statue Form           Tmut/Erth      78%        N/A       1%          6
d - Blink                 Tloc           100%       N/A       0%          2
e - Shatter               Erth           62%        3d46*     4%          9
f - Apportation           Tloc           100%       N/A       0%          1
g - Passage of Golubria   Tloc           100%       N/A       1%          4

Your spell library contained the following spells:

 Spells                   Type           Power      Damage    Failure   Level
 Animate Skeleton         Necr           100%       N/A       0%          1
 Beastly Appendage        Tmut           100%       N/A       0%          1
 Pain                     Necr           100%       1d9       0%          1
 Sandblast                Erth           100%       2d20      0%          1
 Sting                    Tmut/Pois      100%       1d8       0%          1
 Sublimation of Blood     Necr           100%       N/A       0%          2
 Wereblood                Tmut           100%       N/A       0%          2
 Gell's Gravitas          Tloc           100%       N/A       0%          3
 Lesser Beckoning         Tloc           100%       N/A       0%          3
 Stone Arrow              Conj/Erth      100%       3d13      0%          3
 Teleport Other           Tloc           100%       N/A       0%          3
 Animate Dead             Necr           69%        N/A       0%          4
 Dispel Undead            Necr           100%       3d31      0%          4
 Petrify                  Tmut/Erth      100%       N/A       0%          4
 Agony                    Necr           100%       N/A       0%          5
 Blade Hands              Tmut           55%        N/A       0%          5
 Borgnjor's Vile Clutch   Necr/Erth      71%        N/A       0%          5
 Excruciating Wounds      Necr           69%        N/A       0%          5
 Lee's Rapid Deconstruct  Erth           62%        3d29*     0%          5
 Magic Dart               Conj           100%       1d8       1%          1
 Slow                     Hex            100%       N/A       1%          1
 Summon Small Mammal      Summ           100%       N/A       1%          1
 Call Imp                 Summ           40%        N/A       1%          2
 Corpse Rot               Necr/Air       100%       N/A       1%          2
 Ensorcelled Hibernation  Hex/Ice        80%        N/A       1%          2
 Poisonous Vapours        Pois/Air       80%        N/A       1%          2
 Scorch                   Fire           80%        2d9       1%          2
 Searing Ray              Conj           80%        2d7       1%          2
 Static Discharge         Conj/Air       40%        N/A       1%          2
 Call Canine Familiar     Summ           40%        N/A       1%          3
 Confusing Touch          Hex            40%        N/A       1%          3
 Dazzling Flash           Conj/Hex       80%        N/A       1%          3
 Ignite Poison            Fire/Tmut/Pois 73%        N/A       1%          3
 Inner Flame              Hex/Fire       40%        N/A       1%          3
 Mephitic Cloud           Conj/Pois/Air  40%        N/A       1%          3
 Ozocubu's Armour         Ice            40%        N/A       1%          3
 Portal Projectile        Hex/Tloc       100%       N/A       1%          3
 Spider Form              Tmut/Pois      85%        N/A       1%          3
 Summon Guardian Golem    Hex/Summ       40%        N/A       1%          3
 Tukima's Dance           Hex            40%        N/A       1%          3
 Animate Armour           Summ/Erth      100%       N/A       1%          4
 Ice Form                 Ice/Tmut       85%        N/A       1%          4
 Leda's Liquefaction      Hex/Erth       47%        N/A       1%          4
 Alistair's Intoxication  Tmut/Pois      56%        N/A       1%          5
 Irradiate                Conj/Tmut      42%        3d27      1%          5
 Manifold Assault         Tloc           100%       N/A       1%          5
 Summon Forest            Summ/Tloc      39%        N/A       1%          5
 Yara's Violent Unravell  Hex/Tmut       42%        3d17      1%          5
 Death Channel            Necr           69%        N/A       1%          6
 Dispersal                Tloc           51%        N/A       1%          6
 Eringya's Noxious Bog    Tmut/Pois      42%        N/A       1%          6
 Iron Shot                Conj/Erth      47%        9d9       1%          6
 Simulacrum               Ice/Necr       54%        N/A       1%          6
 Dragon Form              Tmut           55%        N/A       1%          7
 Borgnjor's Revivificati  Necr           69%        N/A       1%          8
 Infestation              Necr           69%        N/A       1%          8
 Airstrike                Air            20%        N/A       2%          4
 Cause Fear               Hex            20%        N/A       2%          4
 Flame Wave               Conj/Fire      40%        2d8       2%          4
 Hailstorm                Conj/Ice       40%        3d10      2%          4
 Olgreb's Toxic Radiance  Pois           40%        N/A       2%          4
 Sticky Flame             Conj/Fire      40%        2d6       2%          4
 Summon Ice Beast         Ice/Summ       40%        N/A       2%          4
 Freezing Cloud           Conj/Ice/Air   20%        6-21      6%          5
 Iskenderun's Battlesphe  Conj           40%        2d9       6%          5
 Lightning Bolt           Conj/Air       20%        1d35      6%          5
 Metabolic Englaciation   Hex/Ice        20%        N/A       6%          5
 Silence                  Hex/Air        20%        N/A       6%          5
 Summon Mana Viper        Hex/Summ       40%        N/A       6%          5
 Haunt                    Necr/Summ      54%        N/A       6%          7
 Storm Form               Tmut/Air       42%        N/A       7%          7
 Lehudib's Crystal Spear  Conj/Erth      47%        10d11     19%         8
 Death's Door             Necr           69%        N/A       21%         9
 Starburst                Conj/Fire      20%        6d7       32%         6
 Summon Cactus Giant      Summ           20%        N/A       32%         6
 Monstrous Menagerie      Summ           20%        N/A       86%         7
 Ozocubu's Refrigeration  Ice            20%        4d9       86%         7
 Spellforged Servitor     Conj/Summ      20%        N/A       86%         7
 Summon Hydra             Summ           20%        N/A       86%         7
 Ignition                 Fire           20%        3d7       100%        8
 Maxwell's Capacitive Co  Air            20%        ∞         100%        8


Dungeon Overview and Level Annotations

Branches:
Dungeon (15/15)            Temple (1/1) D:4            Lair (6/6) D:9
  Swamp (4/4) Lair:4       Spider (4/4) Lair:4        Slime (5/5) Lair:6
    Orc (2/2) D:11            Elf (3/3) Orc:2        Vaults (5/5) D:13
  Crypt (3/3) Vaults:2       Tomb (3/3) Crypt:3      Depths (4/4) D:15
    Zot (5/5) Depths:4    Ossuary (visited)          WizLab (visited)

Altars:
Cheibriados
Dithmenos
Fedhas
Gozag
Hepliaklqana
Kikubaaqudgha
Okawaru
Vehumet
Wu Jian
Yredelemnul
Beogh

Shops:
D:12 !   D:14 ?   Orc:2 =[*(   Elf:1 (*   Elf:3 [:[?(   Vaults:2 *(
Vaults:4 *   Depths:4 :==

Portals:
Hell: Depths:1 Depths:2 Depths:3 Depths:4
Abyss: D:4 Depths:3
Pandemonium: Depths:2
Ziggurat: Depths:3

Annotations:
D:4 2 transporters, bande's ghost, amateur GrFi
Elf:2 3 runed translucent doors
Pan Cerebov


Innate Abilities, Weirdness & Mutations

You are an undead lich.
Your unarmed attacks are suffused with negative energy.
You are immune to unholy pain and torment.
Your necromantic spells are more powerful.
You cannot drink.
You have a pair of large horns on your head.
You are completely covered in slimy green scales. (AC +4, rPois)
You regenerate a lot of health from kills.
You are completely covered in sharp spines.
Your presence sometimes corrodes or deforms those you injure.
You can speak a Word of Chaos.


Message History

Your hearing returns.
The balrug misses you. You block Cerebov's attack.
A large abomination comes into view.
You slash Cerebov!
The Sulking Sword goes toot-toot!
You send a blast of sound all around you.
The monsters around you are blasted!
The fire vortex is severely damaged.
The fire vortex is heavily damaged. x5
The balrug is moderately wounded.
The hellion is moderately wounded.
The balrug is lightly wounded.
The hellion twists and deforms.
The hellion is heavily wounded.
Cerebov seems to be corroded for longer.
Cerebov is severely wounded.
Your corrupting presence corrodes the large abomination!
The large abomination is moderately damaged.
Cerebov is severely wounded.
You feel less vulnerable to fire.
You hear a horrible gurgling sound!
You hear a trumpeting!
You hear a chilling moan.
Cerebov is struck by your spines.
Cerebov seems to be corroded for longer.
Cerebov hits you with the +6 sword of Cerebov {flame}!!
* * * LOW HITPOINT WARNING * * *
Cerebov burns you.
* * * LOW HITPOINT WARNING * * *
The sword of Cerebov burns away your fire resistance.
You block the balrug's attack.
As you read the scroll of teleportation, it crumbles to dust.
You feel strangely unstable.
Cerebov hits you with the +6 sword of Cerebov {flame}!!!
* * * LOW HITPOINT WARNING * * *
Cerebov burns you!
* * * LOW HITPOINT WARNING * * *
The balrug completely misses you. The balrug gestures at you.
The bolt of fire hits Cerebov.
Cerebov completely resists.
The bolt of fire hits you!!
You die...

....#..........
##..#..v.#...##
...............
4.3..†.......
#.†.v....# ##
#.†...# #..
#.....#
###..2##...##
#.v.X2&L...#
......2##.##
..###.2 .#.#
#... # ## ..#..
....#. .......
.. v...


You could see Cerebov (fast, agile, misshapen, corroded), 2 balrugs, a large
abomination (corroded), 2 hellions and 4 fire vortices.

Vanquished Creatures
  the Royal Jelly (Slime:5)
  Gloorx Vloq (Pan)
  Mnoleg (Pan)
  7 dread liches
  6 ancient liches
  3 orbs of fire
  The ghost of Extudin the Slayer, a master OgTm of Okawaru (Zot:2)
  Mennas (Pan)
  A juggernaut (Depths:3)
  28 royal mummies
  Sojobo (Vaults:2)
  Boris (Depths:3)
  Bai Suzhen (Vaults:4)
  Frederick (Tomb:2)
  13 Killer Klowns
  A curse toe (Zot:1)
  10 golden dragons
  The ghost of Jetyrhek the Devastator, a veteran GrEE of Lugonu (Crypt:3)
  The ghost of bearlyready the Metallomancer, an adept DrVM of Gozag (Crypt:1)
  3 bone dragons
  A mutant beast (WizLab)
  4 electric golems
  6 Brimstone Fiends (Pan)
  3 Hell Sentinels (Pan)
  An Ice Fiend (Pan)
  A shard shrike zombie (Abyss:4)
  13 liches
  Jorgrun (D:14)
  6 Tzitzimimeh (Pan)
  2 walking crystal tomes (Depths:3)
  2 hellephants (Abyss:4)
  21 tentacled monstrosities
  3 deep elf blademasters (Elf:3)
  5 titans
  A deep elf master archer (Elf:3)
  25 Orb Guardians (Zot:5)
  Asterion (Vaults:3)
  12 acid blobs
  7 quicksilver dragons
  14 sphinxes
  5 death cobs
  9 pandemonium lords (Pan)
  Gastronok (Lair:1)
  2 eldritch tentacles
  8 ancient champions
  26 Executioners (Pan)
  A tentacled starspawn (Abyss:3)
  2 thorn hunters (Swamp:4)
  9 tengu reavers
  Roxanne (D:14)
  9 demonspawn warmongers (Pan)
  9 revenants
  2 daevas (Pan)
  Donald (Vaults:2)
  14 rockslimes (Slime:5)
  17 storm dragons
  4 draconian monks
  12 shadow dragons
  5 azure jellies
  An iron dragon (Zot:2)
  8 frost giants
  Louise (Swamp:1)
  11 fire giants
  3 draconian scorchers
  15 ghost moths
  9 draconian shifters
  13 balrugs (Pan)
  2 orc warlords
  8 deep elf sorcerers
  19 vault wardens
  16 cacodemons (Pan)
  8 curse skulls
  9 ghouls
  8 draconian stormcallers
  2 deep elf elementalists (Elf:3)
  The ghost of pdpol the Basher, a journeyman PaFi of Uskayaw (Lair:6)
  5 emperor scorpions
  2 spriggan defenders (Depths:3)
  17 reapers (Pan)
  2 draconian annihilators (Zot:2)
  41 very ugly things
  3 war gargoyles
  4 demonspawn corrupters (Pan)
  13 ironbound preservers
  9 ironbound thunderhulks
  5 demonspawn blood saints (Pan)
  An apis (Pan)
  A caustic shrike skeleton (Tomb:3)
  16 stone giants
  The ghost of croobank the Slinger, a journeyman GnHu of Hepliaklqana (Orc:1)
  12 purple draconians
  14 black draconians
  13 green draconians
  4 quicksilver oozes (Slime:5)
  9 deep elf demonologists
  4 eleionomae
  11 lorocyprocas (Pan)
  4 yellow draconians
  12 bennus
  14 vampire knights
  13 spark wasps
  5 deep elf annihilators (Elf:3)
  10 demonspawn black suns (Pan)
  2 entropy weavers
  18 dire elephants
  4 red draconians
  4 eidola
  13 white draconians
  5 bunyips
  A crystal guardian (Vaults:4)
  Snorg (Orc:1)
  5 deep elf death magi
  A merfolk javelineer (Depths:1)
  15 mummy priests
  4 green deaths (Pan)
  A spectral quicksilver dragon (Zot:2)
  3 blizzard demons (Pan)
  9 ettins
  A spriggan zombie (Tomb:1)
  8 fire dragons
  Josephine (D:14)
  5 shambling mangroves (Swamp:4)
  12 great orbs of eyes
  A spectral golden dragon (Zot:2)
  11 deep elf high priests
  20 hydras
  4 hell beasts (Pan)
  Fannar (Lair:3)
  7 jiangshi
  11 yaktaur captains
  7 boulder beetles
  2 peacekeepers
  4 rakshasas
  44 vault guards
  11 ice dragons
  An anaconda (shapeshifter) (WizLab)
  2 ogre magi (Vaults:5)
  4 spriggan air magi
  19 centaur warriors
  6 ironbound frosthearts
  5 spriggan skeletons
  A satyr (shapeshifter) (Vaults:5)
  A fenstrider witch skeleton (Crypt:3)
  2 spectral draconians (Zot:2)
  A two-headed ogre (shapeshifter) (Vaults:5)
  5 death knights
  2 two-headed ogres
  12 deep troll earth magi
  11 deep troll shamans
  25 death scarabs (Tomb:2)
  9 dancing weapons
  17 death yaks
  9 vampire magi
  4 tengu warriors
  9 alligators
  6 thrashing horrors
  3 orc high priests (Orc:2)
  2 spectral storm dragons (Zot:2)
  4 spriggan berserkers
  8 deep elf knights
  22 soul eaters
  42 sun demons (Pan)
  10 hell knights
  14 sixfirhies
  A wretched star (Abyss:3)
  A storm dragon zombie (Crypt:1)
  8 shadow wraiths
  32 skeletal warriors
  3 iron trolls (Depths:1)
  A quicksilver dragon simulacrum (Zot:2)
  A bunyip zombie (Crypt:1)
  A death drake (shapeshifter) (WizLab)
  A spatial maelstrom (Abyss:4)
  A goliath frog (shapeshifter) (D:13)
  A storm dragon skeleton (Tomb:2)
  A death drake (Swamp:1)
  5 spriggan druids
  3 spectral hydras (Swamp:4)
  7 shadow demons (Pan)
  34 deep trolls
  7 flayed ghosts
  5 goliath frogs
  2 shadow dragon zombies
  2 glowing orange brains
  A golden dragon skeleton (Vaults:2)
  6 deep elf archers
  16 lindwurms
  4 bog bodies
  An orange crystal statue (Elf:1)
  8 swamp dragons
  14 deep elf pyromancers
  9 wizards
  An obsidian statue (Zot:5)
  10 necromancers
  3 wolf spider zombies
  A fenstrider witch simulacrum (Crypt:1)
  18 ironbound convokers
  25 orb spiders
  21 deep elf zephyrmancers
  3 oklob plants (Swamp:4)
  41 wolf spiders
  9 orc knights
  28 phantasmal warriors
  10 orc sorcerers
  An anaconda skeleton (Crypt:3)
  A harpy (Vaults:5)
  3 cyclopes
  A salamander (Depths:4)
  55 ugly things
  4 shining eyes
  A shadow dragon skeleton (Pan)
  4 manticores
  5 will-o-the-wisps
  A salamander (shapeshifter) (WizLab)
  3 elephants
  26 moths of wrath
  A frost giant skeleton (Crypt:3)
  12 human skeletons
  2 rust devils (Pan)
  22 smoke demons (Pan)
  4 black mambas
  25 vault sentinels
  Maurice (D:8)
  4 black mambas (shapeshifter)
  3 eyes of devastation
  25 orange demons
  3 torpor snails
  A stone giant skeleton (Tomb:2)
  Maggie (D:10)
  A naga mage (D:15)
  20 cane toads
  18 hellions
  4 unseen horrors (shapeshifter)
  2 unseen horrors (D:11)
  A purple draconian zombie (Crypt:3)
  A rime drake (Lair:6)
  21 demonic crawlers
  An alligator snapping turtle skeleton (Crypt:2)
  2 komodo dragons (shapeshifter) (WizLab)
  2 kobold demonologists
  42 yaktaurs
  5 hellwings (Pan)
  7 komodo dragons
  8 efreet
  15 freezing wraiths
  A redback zombie (D:15)
  4 tormentors (Pan)
  32 guardian mummies
  4 yaktaur skeletons
  2 golden dragon simulacra
  2 ancient zymes
  5 tengu conjurers
  2 meliai (shapeshifter) (WizLab)
  A troll (shapeshifter) (WizLab)
  5 hydra zombies
  7 trolls
  5 polar bears (Lair:6)
  2 ice devils (Pan)
  11 tyrant leeches
  6 red devils
  A harpy zombie (Crypt:1)
  35 hornets
  A death drake zombie (Swamp:4)
  A wind drake (shapeshifter) (WizLab)
  47 jumping spiders
  A queen bee (D:9)
  A death drake skeleton (Swamp:4)
  5 raiju
  4 harpy skeletons
  76 slime creatures
  A spectral dream sheep (Lair:6)
  7 dream sheep (Lair:6)
  2 ettin zombies
  42 large abominations
  2 hydra skeletons (Swamp:4)
  A merfolk zombie (Crypt:1)
  A dream sheep (shapeshifter) (Depths:3)
  14 blink frogs
  A frost giant simulacrum (Vaults:4)
  A centaur simulacrum (D:15)
  11 flying skulls
  3 air elementals
  32 spriggans
  A stone giant simulacrum (Depths:1)
  56 yaks
  A dire elephant simulacrum (Crypt:1)
  30 tarantellas
  2 ettin skeletons
  15 ynoxinuls (Pan)
  6 water elementals
  2 elf zombies
  75 redbacks
  A vampire (D:12)
  A fire bat (Pan)
  17 wraiths
  4 wyverns
  2 humans (shapeshifter) (WizLab)
  32 ushabtiu
  Grum (D:8)
  A yak (shapeshifter) (WizLab)
  An iron golem (WizLab)
  3 basilisks (shapeshifter)
  2 basilisks (Lair:6)
  A golden eye (shapeshifter) (WizLab)
  12 humans
  2 steam dragons
  4 fire elementals
  A spectral komodo dragon (Lair:6)
  20 chaos spawn
  16 neqoxecs (Pan)
  4 vampire mosquitoes
  A warg (Orc:2)
  7 spatial vortices (Abyss:4)
  4 elf skeletons (Vaults:2)
  2 swamp worms (shapeshifter)
  2 hell hounds (Pan)
  An acid dragon (shapeshifter) (Vaults:5)
  24 swamp worms
  3 acid dragons
  6 floating eyes
  A floating eye (shapeshifter) (WizLab)
  4 hydra simulacra
  9 water moccasins
  3 naga skeletons
  A spectral torpor snail (Lair:6)
  6 necrophages
  An ice beast (D:8)
  4 swamp drakes (Swamp:4)
  3 sky beasts
  A hornet zombie (D:15)
  8 ogres
  6 black bears
  25 orc warriors
  A swamp dragon zombie (Swamp:4)
  22 wolves
  9 centaurs
  10 boggarts
  A blink frog zombie (Crypt:2)
  A swamp dragon skeleton (Swamp:4)
  An elephant skeleton (Crypt:1)
  A phantom (D:5)
  A manticore skeleton (Crypt:3)
  3 kobold brigands
  2 gnoll sergeants
  Blork the orc (Orc:2)
  10 bullfrogs
  A wyvern zombie (D:8)
  A scorpion (D:6)
  4 earth elementals
  A deep troll simulacrum (Crypt:1)
  A komodo dragon skeleton (Crypt:2)
  A cyclops zombie (Crypt:1)
  A water moccasin skeleton (D:4)
  9 killer bees (D:9)
  4 wights (D:10)
  A yak skeleton (Crypt:2)
  A polar bear skeleton (Crypt:1)
  6 howler monkeys
  15 electric eels
  3 lava snakes (Lair:2)
  A jelly (D:5)
  A hound (D:5)
  6 centaur zombies
  2 komodo dragon simulacra (Lair:6)
  25 orc priests
  4 human zombies (Crypt:1)
  9 small abominations
  4 centaur skeletons
  6 iguanas
  26 orc wizards
  A killer bee zombie (D:8)
  A deep dwarf zombie (Crypt:1)
  A demigod skeleton (Crypt:3)
  A hound skeleton (D:5)
  51 mummies
  Robin (D:2)
  6 gnolls
  4 adders
  A steam dragon zombie (Crypt:1)
  4 white imps
  2 ufetubi
  3 adder skeletons
  A worm (D:2)
  A barachi skeleton (Crypt:3)
  12 dart slugs
  106 orcs
  A bat zombie (Crypt:3)
  5 endoplasms
  3 giant cockroaches
  13 goblins
  7 hobgoblins
  7 jackals
  4 quokkas
  6 ball pythons
  4 bats
  2 frilled lizards
  A frilled lizard skeleton (Crypt:3)
  2 gnoll zombies (Ossuary)
  2 hobgoblin zombies (Ossuary)
  23 kobolds
  A kobold zombie (Ossuary)
  3 orc zombies (Ossuary)
  A rat (D:3)
  A butterfly (Lair:2)
  6 fire vortices
  2 starspawn tentacles (Abyss:3)
3225 creatures vanquished.

Vanquished Creatures (collateral kills)
  A cacodemon (Pan)
  A lorocyproca (Pan)
  A ynoxinul (Pan)
  A neqoxec (Pan)
  2 hell hounds (Pan)
6 creatures vanquished.

Vanquished Creatures (others)
  A vault warden (Vaults:5)
  A draconian knight (Zot:5)
  A cacodemon (Pan)
  A deep elf death mage (Elf:3)
  A great orb of eyes (Pan)
  5 death scarabs (Tomb:2)
  A deep elf knight (Elf:2)
  2 sixfirhies (Pan)
  A wizard (Vaults:3)
  An orb spider (Spider:2)
  An efreet (D:15)
  2 guardian mummies (Tomb:2)
  3 bloated husks (Swamp:1)
  A tyrant leech (Spider:4)
  A slime creature (Slime:1)
  A redback (Spider:3)
  An ushabti (Tomb:3)
  A fire bat (Pan)
  A human (D:13)
  A neqoxec (Pan)
  A chaos spawn (Pan)
  An orc priest (Orc:2)
  2 creeping infernos (Zot:3)
  A fire vortex (Pan)
  23 foxfires
  27 fungi
  143 plants
  2 withered plants (Crypt:1)
228 creatures vanquished.

Grand Total: 3459 creatures vanquished

Notes
Turn   | Place    | Note
-------+----------+-------------------------------------------
     0 | D:1      | frimble the Demonspawn Warper began the quest for the Orb.
     0 | D:1      | Reached XP level 1. HP: 16/16 MP: 3/3
   890 | D:1      | Gained mutation: You have a pair of small horns on your
                  | head. [demonic ancestry]
   890 | D:1      | Reached XP level 2. HP: 21/22 MP: 5/5
  1755 | D:1      | Reached skill level 1 in Throwing
  1924 | D:2      | Gained mutation: You are partially covered in slimy green
                  | scales. (AC +2) [demonic ancestry]
  1924 | D:2      | Reached XP level 3. HP: 13/27 MP: 6/6
  1934 | D:1      | Learned a level 2 spell: Blink
  2171 | D:2      | Noticed Robin
  2200 | D:2      | Killed Robin
  2212 | D:2      | Reached skill level 1 in Stealth
  2587 | D:2      | Gained mutation: You have a pair of horns on your head.
                  | [demonic ancestry]
  2587 | D:2      | Reached XP level 4. HP: 17/33 MP: 7/7
  4312 | D:3      | Gained mutation: You are partially covered in sharp spines.
                  | [demonic ancestry]
  4312 | D:3      | Reached XP level 5. HP: 38/38 MP: 8/8
  5022 | D:4      | Noticed an ogre
  5068 | D:3      | Killed an ogre
  5069 | D:3      | Gained mutation: You regenerate a little health from kills.
                  | [demonic ancestry]
  5069 | D:3      | Reached XP level 6. HP: 12/44 MP: 6/9
  5816 | D:4      | Found a transporter.
  5848 | D:4      | Found a staircase to the Ecumenical Temple.
  6288 | D:4      | Found a transporter.
  6468 | D:5      | Entered Level 5 of the Dungeon
  6485 | D:5      | Reached XP level 7. HP: 47/50 MP: 10/10
  6509 | D:5      | Reached skill level 1 in Short Blades
  6742 | D:5      | Found a sand-covered staircase.
  6748 | Ossuary  | Entered an ossuary
  7218 | Ossuary  | Identified a scroll of acquirement
  7218 | Ossuary  | Acquired a +3 quick blade
  7347 | D:5      | Reached XP level 8. HP: 44/56 MP: 11/11
  7433 | D:5      | Reached skill level 5 in Stealth
  7862 | D:5      | Reached skill level 5 in Throwing
  8420 | D:6      | Acquired a +1 demon blade of venom
  8439 | D:6      | Reached skill level 1 in Evocations
  8731 | D:6      | Reached skill level 5 in Long Blades
  8819 | D:6      | Found a blossoming altar of Fedhas.
  9561 | D:7      | Gained mutation: You regenerate health from kills. [demonic
                  | ancestry]
  9561 | D:7      | Reached XP level 9. HP: 54/61 MP: 12/12
 11345 | D:8      | Reached skill level 5 in Short Blades
 11383 | D:8      | Noticed Grum
 11388 | D:8      | Reached skill level 1 in Shields
 11882 | D:8      | Noticed Maurice
 11892 | D:8      | Gained mutation: You are mostly covered in sharp spines.
                  | [demonic ancestry]
 11892 | D:8      | Reached XP level 10. HP: 53/67 MP: 13/13
 11909 | D:8      | Killed Maurice
 12030 | D:8      | Killed Grum
 12155 | D:8      | Noticed a two-headed ogre
 12189 | D:8      | Killed a two-headed ogre
 12353 | D:8      | Noticed a centaur warrior
 12360 | D:8      | Killed a centaur warrior
 12383 | D:8      | Noticed a five-headed hydra
 12875 | D:9      | Reached skill level 10 in Long Blades
 12876 | D:9      | Reached XP level 11. HP: 62/72 MP: 14/14
 12894 | D:9      | Found a staircase to the Lair.
 13426 | D:10     | Entered Level 10 of the Dungeon
 13604 | D:10     | Noticed Maggie
 13610 | D:10     | Killed Maggie
 14220 | D:11     | Reached skill level 5 in Translocations
 14937 | D:11     | Found a staircase to the Orcish Mines.
 14986 | D:11     | Noticed a cyan ugly thing
 15003 | D:11     | Killed a cyan ugly thing
 15717 | D:8      | Killed a five-headed hydra
 15837 | Lair:1   | Entered Level 1 of the Lair of Beasts
 15966 | D:4      | Found a one-way gate to the infinite horrors of the Abyss.
 15966 | D:4      | Noticed bande's ghost (amateur GrFi)
 15990 | Temple   | Entered the Ecumenical Temple
 16000 | Temple   | Became a worshipper of Cheibriados the Contemplative
 16342 | Lair:1   | Noticed a four-headed hydra
 16365 | Lair:1   | Killed a four-headed hydra
 16366 | Lair:1   | Reached XP level 12. HP: 53/80 MP: 13/15
 16376 | Lair:1   | Reached skill level 3 in Fighting
 16418 | Lair:1   | Noticed Gastronok
 16483 | Lair:2   | Reached skill level 4 in Fighting
 16528 | Lair:2   | Noticed a six-headed hydra
 16573 | Lair:2   | Killed a six-headed hydra
 16640 | Lair:2   | You fall into a shaft and drop 2 floors!
 16654 | Lair:4   | Reached * piety under Cheibriados
 16684 | Lair:3   | Reached skill level 5 in Fighting
 16883 | Lair:3   | Noticed Fannar
 16908 | Lair:3   | Killed Fannar
 16909 | Lair:3   | Reached skill level 6 in Fighting
 16992 | Lair:3   | Noticed a boulder beetle
 17012 | Lair:3   | Killed a boulder beetle
 17341 | Lair:2   | Noticed a five-headed hydra
 17354 | Lair:2   | Killed a five-headed hydra
 17582 | Lair:2   | Reached ** piety under Cheibriados
 17819 | Lair:2   | Noticed a seven-headed hydra
 17830 | Lair:2   | Killed a seven-headed hydra
 17989 | Lair:2   | Reached skill level 7 in Fighting
 18281 | Lair:1   | Reached skill level 8 in Fighting
 18490 | Lair:1   | Reached *** piety under Cheibriados
 18581 | Lair:1   | Killed Gastronok
 18582 | Lair:1   | Gained mutation: You are mostly covered in slimy green
                  | scales. (AC +3) [demonic ancestry]
 18582 | Lair:1   | Reached XP level 13. HP: 73/99 MP: 16/16
 19195 | Lair:4   | Reached skill level 9 in Fighting
 19248 | Lair:4   | Found a staircase to the Swamp.
 19518 | Lair:4   | Found a hole to the Spider Nest.
 19772 | Lair:5   | Reached skill level 5 in Dodging
 19799 | Lair:5   | Reached **** piety under Cheibriados
 19944 | Lair:5   | Reached skill level 5 in Evocations
 20474 | Lair:6   | Entered Level 6 of the Lair of Beasts
 20697 | Lair:6   | Reached ***** piety under Cheibriados
 20757 | Lair:6   | Found a staircase to the Slime Pits.
 20857 | Lair:6   | Paralysed by a floating eye for 2 turns
 20956 | Lair:6   | Reached XP level 14. HP: 92/108 MP: 17/17
 21027 | Lair:6   | Found a runed translucent gate.
 21028 | Lair:6   | Found a runed translucent gate.
 21029 | Lair:6   | Found a runed translucent gate.
 21031 | Lair:6   | Noticed pdpol's ghost (journeyman PaFi)
 21104 | Lair:6   | Reached skill level 10 in Throwing
 21450 | Lair:6   | Reached ****** piety under Cheibriados
 21597 | Lair:6   | Killed pdpol's ghost
 22789 | D:12     | Found Voeq's Distillery.
 23426 | D:13     | Gained mutation: You are completely covered in slimy green
                  | scales. (AC +4, rPois) [demonic ancestry]
 23426 | D:13     | Reached XP level 15. HP: 104/113 MP: 18/18
 23542 | D:13     | Got the Catalogue of Hexes
 23725 | D:13     | Reached skill level 10 in Evocations
 23774 | D:13     | Found a gate to the Vaults.
 23918 | D:14     | Noticed Jorgrun
 23936 | D:14     | Killed Jorgrun
 24013 | D:14     | Identified Roxanne's Catalogue of Moulding
 24013 | D:14     | Noticed Roxanne
 24095 | D:14     | Noticed Josephine
 24109 | D:14     | Killed Josephine
 24152 | D:14     | Reached skill level 10 in Dodging
 24213 | D:14     | Found Cyjiv's Magic Scroll Shoppe.
 24223 | D:14     | Bought a scroll of enchant weapon for 97 gold pieces
 24223 | D:14     | Bought a scroll of acquirement for 676 gold pieces
 24223 | D:14     | Bought a scroll of enchant weapon for 97 gold pieces
 24223 | D:14     | Bought a scroll of blinking for 97 gold pieces
 24223 | D:14     | Bought a scroll of enchant armour for 97 gold pieces
 24223 | D:14     | Acquired the +1 cloak of Starlight {*Dazzle EV+4 Stlth--}
 24223 | D:14     | Found the +1 cloak of Starlight {*Dazzle EV+4 Stlth--}
 24415 | D:14     | Found a hazy altar of Hepliaklqana.
 24575 | D:15     | Entered Level 15 of the Dungeon
 24979 | D:15     | Reached skill level 1 in Invocations
 25076 | D:15     | Found a staircase to the Depths.
 25188 | D:15     | Identified the ring "Yzypryox" {Ice rElec Int-5 Dex+5}
 25291 | D:15     | Reached skill level 10 in Fighting
 25661 | Orc:1    | Entered Level 1 of the Orcish Mines
 25710 | Orc:1    | Noticed Snorg
 25734 | Orc:1    | Killed Snorg
 26008 | Orc:2    | Entered Level 2 of the Orcish Mines
 26054 | Orc:2    | Reached skill level 1 in Transmutations
 26054 | Orc:2    | Reached skill level 1 in Earth Magic
 26073 | Orc:1    | Found a runed translucent door.
 26073 | Orc:1    | Noticed croobank's ghost (journeyman GnHu)
 26231 | Orc:1    | Killed croobank's ghost
 26249 | Orc:2    | Noticed Blork the orc
 26283 | Orc:2    | Killed Blork the orc
 26300 | Orc:2    | Reached skill level 5 in Invocations
 26509 | Orc:2    | Found a staircase to the Elven Halls.
 26617 | Orc:2    | Gained mutation: You regenerate a lot of health from kills.
                  | [demonic ancestry]
 26617 | Orc:2    | Reached XP level 16. HP: 101/122 MP: 20/20
 26660 | Orc:2    | Found Fokkergh's Jewellery Shoppe.
 26660 | Orc:2    | Found Laeqaec's Weapon Boutique.
 26662 | Orc:2    | Found Niampewy's Antique Armour Shoppe.
 26662 | Orc:2    | Found Tozy's Assorted Antiques.
 26668 | Orc:2    | Bought the amulet of Curiosity {rF+ rN+ Regen+} for 578
                  | gold pieces
 26685 | Orc:2    | Bought a scroll of teleportation for 99 gold pieces
 26936 | Spider:1 | Entered Level 1 of the Spider Nest
 27987 | Spider:2 | Reached skill level 5 in Spellcasting
 28916 | Elf:1    | Entered Level 1 of the Elven Halls
 28927 | Elf:1    | Found Ofimok's General Store.
 28934 | Elf:1    | Bought a scroll of teleportation for 33 gold pieces
 29269 | Elf:1    | Got Aciamaaz's Guide on Summoning
 29278 | Elf:1    | Found Toihed's Antique Weapon Boutique.
 29304 | Elf:1    | Reached skill level 5 in Transmutations
 29313 | Elf:1    | Reached skill level 5 in Earth Magic
 29452 | Elf:1    | Paralysed by an air elemental for 1 turns
 29994 | Elf:2    | Gained mutation: Your presence sometimes corrodes those you
                  | injure. [demonic ancestry]
 29994 | Elf:2    | Reached XP level 17. HP: 119/128 MP: 26/26
 30146 | Elf:2    | Found a runed translucent gate.
 30146 | Elf:2    | Found a runed translucent gate.
 30146 | Elf:2    | Found a runed translucent gate.
 30147 | Elf:2    | Identified the +2 scimitar of Infinite Pain {vorpal, rC+}
 30164 | Elf:2    | Identified the +12 short sword of Leuphiegga {speed, rC+
                  | Dex+3}
 30477 | Elf:3    | Entered Level 3 of the Elven Halls
 30654 | Elf:3    | Found Raut's Antique Armour Shop.
 30674 | Elf:3    | Found Vathrefiw's Magic Scroll Boutique.
 30691 | Elf:3    | Bought a scroll of acquirement for 936 gold pieces
 30691 | Elf:3    | Bought a scroll of magic mapping for 63 gold pieces
 30691 | Elf:3    | Bought a scroll of immolation for 63 gold pieces
 30691 | Elf:3    | Acquired 915 gold pieces
 30707 | Elf:3    | Bought a scorched hat for 261 gold pieces
 30707 | Elf:3    | Identified the +3 hat of Deoreuh {Contam Harm Slay+5
                  | Stlth+} (You bought it in a shop on level 3 of the Elven
                  | Halls)
 30734 | Elf:3    | Found Wygal's Book Shop.
 30857 | Elf:3    | Found Kaloamyhi's Weapon Shoppe.
 30858 | Elf:3    | Paralysed by an air elemental for 1 turns
 31140 | Elf:3    | Noticed a deep elf blademaster
 31147 | Elf:3    | Noticed a deep elf blademaster
 31151 | Elf:3    | Killed a deep elf blademaster
 31160 | Elf:3    | Killed a deep elf blademaster
 31162 | Elf:3    | Noticed an Ice Fiend
 31174 | Elf:3    | Reached skill level 15 in Long Blades
 31176 | Elf:3    | Identified the +7 rapier "Ystru Xic" {flame, rElec rC+
                  | Int+3 Dex+4}
 31183 | Elf:3    | Noticed a deep elf master archer
 31191 | Elf:3    | Killed a deep elf master archer
 31208 | Elf:3    | Identified the +6 chain mail "Qaysi" {rPois}
 31208 | Elf:3    | Noticed a deep elf blademaster
 31225 | Elf:3    | Killed a deep elf blademaster
 31374 | Elf:3    | Found Yring's Antique Armour Emporium.
 31590 | Elf:3    | Killed a ghostly deep elf blademaster
 31736 | Elf:3    | Found the +2 ratskin cloak {*Rats rPois rN+ Str-1 Int-1
                  | Dex+1}
 31747 | Elf:3    | Got the Collected Works on Earth and Evil Rituals
 31764 | Elf:3    | Identified the +8 short sword "Honufusakh" {vamp, rF+ rC+}
 32103 | D:14     | Learned a level 2 spell: Passwall
 32115 | D:14     | Killed Roxanne
 32142 | D:14     | Learned a level 6 spell: Statue Form
 32608 | Spider:3 | Gained mutation: You have a pair of large horns on your
                  | head. [demonic ancestry]
 32608 | Spider:3 | Reached XP level 18. HP: 134/134 MP: 28/28
 32867 | Spider:4 | Entered Level 4 of the Spider Nest
 33214 | Spider:4 | Reached skill level 10 in Transmutations
 33217 | Spider:4 | Reached skill level 10 in Earth Magic
 33754 | Spider:4 | Got a gossamer rune of Zot
 33928 | Swamp:1  | Entered Level 1 of the Swamp
 34044 | Swamp:1  | Identified the ring "Wiahenki" {Wiz rN++ Dex-4 Slay+5}
 34080 | Swamp:1  | Noticed a tentacled monstrosity
 34090 | Swamp:1  | Killed a tentacled monstrosity
 34294 | Swamp:1  | Noticed Louise
 34304 | Swamp:1  | Killed Louise
 34652 | Swamp:2  | Got Witchcraft, Part Five
 34740 | Swamp:2  | Found an ornate altar of the Wu Jian Council.
 34762 | Swamp:2  | Identified the +2 falchion "Beilawet" {holy, SInv}
 35113 | Swamp:3  | Gained mutation: Your presence sometimes corrodes or
                  | deforms those you injure. [demonic ancestry]
 35113 | Swamp:3  | Reached XP level 19. HP: 140/140 MP: 29/29
 35608 | Swamp:4  | Entered Level 4 of the Swamp
 35703 | Swamp:4  | Found a blossoming altar of Fedhas.
 35761 | Swamp:4  | Got a decaying rune of Zot
 35807 | Swamp:4  | Found a basalt altar of Yredelemnul.
 36479 | Vaults:1 | Entered Level 1 of the Vaults
 36489 | Vaults:1 | Learned a level 8 spell: Necromutation
 36519 | Vaults:1 | Reached skill level 11 in Fighting
 36779 | Vaults:1 | Reached skill level 12 in Fighting
 36838 | Vaults:1 | Reached skill level 1 in Necromancy
 37475 | Vaults:2 | Noticed Donald
 37481 | Vaults:2 | Killed Donald
 37524 | Vaults:2 | Noticed Sojobo
 37530 | Vaults:2 | Reached skill level 5 in Shields
 37535 | Vaults:2 | Killed Sojobo
 37549 | Vaults:2 | Gained mutation: You are completely covered in sharp
                  | spines. [demonic ancestry]
 37549 | Vaults:2 | Reached XP level 20. HP: 155/155 MP: 30/30
 37553 | Vaults:2 | Reached skill level 5 in Necromancy
 37557 | Vaults:2 | Reached skill level 13 in Fighting
 37749 | Vaults:2 | Found a radiant altar of Vehumet.
 37768 | Vaults:2 | Found the +3 hat of Pondering {ponderous, Will+ MP+10
                  | Int+5}
 37883 | Vaults:2 | Found Gicukhog's General Store.
 37894 | Vaults:2 | Bought a scroll of teleportation for 48 gold pieces
 38131 | Vaults:2 | Found Ewotexob's Antique Weapon Shop.
 38709 | Vaults:2 | Found a staircase to the Crypt.
 39036 | Vaults:3 | Found a flickering gateway to a bazaar.
 39048 | Bazaar   | Entered a bazaar
 39064 | Bazaar   | Found Feenain's Jewellery Emporium.
 39065 | Bazaar   | Found Zuet's Weapon Emporium.
 39108 | Bazaar   | Found Temutz's Book Shoppe.
 39108 | Bazaar   | Found Vujomm's Armour Shoppe.
 39142 | Bazaar   | Bought a manual of Dodging for 1200 gold pieces
 39186 | Vaults:3 | Reached skill level 14 in Fighting
 39186 | Vaults:3 | Found the +9 heavy crossbow "Sniper" {vorpal, Acc+∞ SInv}
 39193 | Vaults:3 | Noticed an ancient lich
 39218 | Vaults:3 | Killed an ancient lich
 39769 | Vaults:3 | Reached XP level 21. HP: 166/166 MP: 31/31
 39856 | Vaults:3 | Noticed Asterion
 39863 | Vaults:3 | Killed Asterion
 40161 | Vaults:3 | Reached skill level 10 in Necromancy
 40347 | Vaults:4 | Reached skill level 15 in Fighting
 41017 | Vaults:4 | Reached skill level 10 in Shields
 41091 | Vaults:4 | Found Yqeoxzav's General Store.
 41099 | Vaults:4 | Bought a scroll of teleportation for 45 gold pieces
 41099 | Vaults:4 | Bought a potion of resistance for 150 gold pieces
 41215 | Vaults:5 | Entered Level 5 of the Vaults
 41215 | Vaults:5 | Noticed Bai Suzhen
 41226 | Vaults:5 | Noticed a dread lich
 41228 | Vaults:5 | Reached skill level 16 in Fighting
 41234 | Vaults:4 | Killed Bai Suzhen
 41291 | Vaults:5 | Killed a dread lich
 41409 | Vaults:5 | Paralysed by a floating eye for 3 turns
 41414 | Vaults:5 | Paralysed by a sphinx for 7 turns
 41417 | Vaults:5 | HP: 11/223 [storm dragon (2)]
 41509 | Vaults:5 | Noticed an ancient lich
 41519 | Vaults:5 | Killed an ancient lich
 41520 | Vaults:5 | Paralysed by a sphinx for 5 turns
 41521 | Vaults:5 | Reached skill level 17 in Fighting
 41526 | Vaults:5 | HP: 9/226 [yaktaur captain (20)]
 41533 | Vaults:5 | Reached XP level 22. HP: 58/181 MP: 28/32
 41576 | Vaults:5 | Identified the ring "Jaamm" {EV+4 Str+3}
 41587 | Vaults:5 | Noticed a golden dragon
 41596 | Vaults:5 | Killed a golden dragon
 41603 | Vaults:5 | Noticed a golden dragon
 41610 | Vaults:5 | Killed a golden dragon
 41613 | Vaults:5 | Noticed a golden dragon
 41626 | Vaults:5 | Killed a golden dragon
 41628 | Vaults:5 | Identified the +0 great mace of Trauma {vorpal, Drain rPois
                  | rC+ Dex+5}
 41681 | Vaults:5 | Identified the +9 short sword of Annihilation {flame, *Slow
                  | rPois rCorr Int+3}
 41689 | Vaults:5 | Identified the +8 spear "Syobly" {flame, +Blink Fly rPois
                  | Will-}
 41793 | Vaults:5 | Got a silver rune of Zot
 42209 | Vaults:5 | Noticed a golden dragon
 42216 | Vaults:5 | Killed a golden dragon
 42538 | Crypt:1  | Entered Level 1 of the Crypt
 42640 | Crypt:1  | Found a runed translucent door.
 42640 | Crypt:1  | Noticed bearlyready's ghost (adept DrVM)
 42671 | Crypt:1  | Reached skill level 18 in Fighting
 42711 | Crypt:1  | Acquired 987 gold pieces
 43455 | Crypt:1  | Killed bearlyready's ghost
 43725 | Crypt:2  | Noticed a dread lich
 43730 | Crypt:2  | Killed a dread lich
 44110 | Crypt:2  | Identified the +5 robe "Qestroup" {Drain rCorr Int+4}
 44194 | Crypt:3  | Entered Level 3 of the Crypt
 44218 | Crypt:3  | Reached XP level 23. HP: 190/190 MP: 33/33
 44315 | Crypt:3  | Reached skill level 15 in Shields
 44418 | Crypt:3  | Found a staircase to the Tomb.
 44449 | Crypt:3  | Found a runed translucent gate.
 44450 | Crypt:3  | Found a runed translucent gate.
 44451 | Crypt:3  | Found a runed translucent gate.
 44575 | Crypt:3  | Identified the ring of Womn {rN+ Str-2 Int+7 SInv Stlth-}
 44600 | Crypt:3  | Paralysed by a vampire knight for 3 turns
 44712 | Crypt:3  | Identified the ring of Ugottotaq {rN+ rCorr MP-9 Str+2}
 44902 | Crypt:3  | Noticed Jetyrhek's ghost (veteran GrEE)
 45005 | Crypt:3  | Reached skill level 15 in Necromancy
 45014 | Crypt:3  | Killed Jetyrhek's ghost
 45023 | Crypt:3  | Identified the +3 cloak of Vesyoxulio {rPois Str-4 Dex+8
                  | Stlth-}
 45059 | Tomb:1   | Entered Level 1 of the Tomb of the Ancients
 45311 | Tomb:1   | Noticed a royal mummy
 45330 | Tomb:1   | Killed a royal mummy
 45633 | Tomb:2   | Noticed Frederick
 45640 | Tomb:2   | Noticed a royal mummy
 45641 | Tomb:2   | Noticed a royal mummy
 45642 | Tomb:2   | Noticed a royal mummy
 45642 | Tomb:2   | Noticed a royal mummy
 45647 | Tomb:2   | Noticed a royal mummy
 45660 | Tomb:2   | Killed a royal mummy
 45660 | Tomb:2   | Killed a royal mummy
 45660 | Tomb:2   | Killed a royal mummy
 45671 | Tomb:2   | Killed a royal mummy
 45674 | Tomb:2   | Killed Frederick
 45682 | Tomb:2   | Killed a royal mummy
 45991 | Tomb:1   | Noticed a royal mummy
 45994 | Tomb:1   | Noticed a royal mummy
 46001 | Tomb:1   | Killed a royal mummy
 46004 | Tomb:1   | Killed a royal mummy
 46005 | Tomb:1   | Reached skill level 10 in Invocations
 46005 | Tomb:1   | Noticed a royal mummy
 46013 | Tomb:1   | Killed a royal mummy
 46014 | Tomb:1   | Reached XP level 24. HP: 162/198 MP: 20/36
 46015 | Tomb:1   | Noticed a royal mummy
 46022 | Tomb:1   | Killed a royal mummy
 46099 | Tomb:1   | Noticed a royal mummy
 46109 | Tomb:1   | Killed a royal mummy
 46110 | Tomb:1   | Noticed a royal mummy
 46113 | Tomb:1   | Noticed a royal mummy
 46115 | Tomb:1   | Noticed a royal mummy
 46128 | Tomb:1   | Killed a royal mummy
 46132 | Tomb:1   | Noticed a royal mummy
 46134 | Tomb:1   | Killed a royal mummy
 46139 | Tomb:1   | Killed a royal mummy
 46147 | Tomb:1   | Killed a royal mummy
 46148 | Tomb:1   | Reached skill level 10 in Spellcasting
 46239 | Tomb:1   | Noticed a royal mummy
 46244 | Tomb:1   | Noticed a royal mummy
 46248 | Tomb:1   | Killed a royal mummy
 46255 | Tomb:1   | Killed a royal mummy
 46292 | Tomb:1   | Noticed a royal mummy
 46294 | Tomb:1   | Noticed a royal mummy
 46309 | Tomb:1   | Killed a royal mummy
 46317 | Tomb:1   | Killed a royal mummy
 46459 | Tomb:3   | Entered Level 3 of the Tomb of the Ancients
 46460 | Tomb:3   | Acquired 795 gold pieces
 46472 | Tomb:3   | Found the -2 hat of the Alchemist {rElec rPois rF+ rC+ rN+
                  | Will+ rMut rCorr}
 46472 | Tomb:3   | Found the ring of the Hare {EV+8}
 46488 | Tomb:3   | Noticed a royal mummy
 46502 | Tomb:3   | Noticed a royal mummy
 46507 | Tomb:3   | Killed a royal mummy
 46512 | Tomb:3   | Noticed a royal mummy
 46512 | Tomb:3   | Noticed a royal mummy
 46516 | Tomb:3   | Noticed a royal mummy
 46516 | Tomb:3   | Identified the +10 shortbow of Intuition {venom, rElec rC-
                  | Str+3 Stlth+}
 46519 | Tomb:3   | Killed a royal mummy
 46522 | Tomb:3   | Noticed a royal mummy
 46522 | Tomb:3   | Noticed a royal mummy
 46524 | Tomb:3   | Noticed a royal mummy
 46524 | Tomb:3   | Noticed a royal mummy
 46534 | Tomb:3   | Killed a royal mummy
 46535 | Tomb:3   | Killed a royal mummy
 46536 | Tomb:3   | Killed a royal mummy
 46540 | Tomb:3   | Killed a royal mummy
 46542 | Tomb:3   | Killed a royal mummy
 46545 | Tomb:3   | Killed a royal mummy
 46548 | Tomb:3   | Killed a royal mummy
 46565 | Tomb:3   | Learned a level 9 spell: Shatter
 46652 | Tomb:3   | Got the Reference Book on Transformation
 46657 | Tomb:3   | Got the Grimoire of Flames
 46934 | Tomb:3   | Got a golden rune of Zot
 47648 | Slime:1  | Entered Level 1 of the Pits of Slime
 47737 | Slime:5  | Entered Level 5 of the Pits of Slime
 47776 | Slime:5  | Reached skill level 19 in Fighting
 47801 | Slime:5  | Noticed the Royal Jelly
 47817 | Slime:5  | Killed the Royal Jelly
 47843 | Slime:5  | Found the +3 Elemental Staff {rElec rF++ rC++ AC+5}
 47859 | Slime:5  | Identified the +5 double sword of Sloth {flame, Int+3}
 47882 | Slime:5  | Got the Guide on Cloudy Dark Arts
 47884 | Slime:5  | Got a slimy rune of Zot
 47922 | Slime:5  | Learned a level 1 spell: Apportation
 48345 | Elf:3    | Bought Great Wizards, Vol. VII for 420 gold pieces
 48350 | Elf:3    | Learned a level 4 spell: Passage of Golubria
 48569 | Depths:1 | Entered Level 1 of the Depths
 48610 | Depths:1 | Reached skill level 15 in Invocations
 48613 | Depths:1 | Gained mutation: You can speak a Word of Chaos. [demonic
                  | ancestry]
 48613 | Depths:1 | Reached XP level 25. HP: 208/208 MP: 38/38
 48703 | Depths:1 | Got Yrchoc's Volume of the Harmful Oath
 48884 | Depths:1 | Found a gateway to Hell.
 49608 | Depths:2 | Found a magical portal.
 49615 | WizLab   | Entered Cigotuvi's Fleshworks
 50121 | WizLab   | Paralysed by a floating eye for 2 turns
 50128 | WizLab   | Paralysed by a floating eye for 2 turns
 50167 | WizLab   | Identified the ring "Eppybb" {rF++ rC+ Str-4 Dex+6}
 50184 | WizLab   | Paralysed by a floating eye for 2 turns
 50188 | WizLab   | Paralysed by a floating eye for 3 turns
 50258 | WizLab   | Got the Grimoire of Shape Shifting
 50851 | Depths:2 | Found a one-way gate leading to the halls of Pandemonium.
 51063 | Depths:3 | Reached skill level 15 in Transmutations
 51068 | Depths:3 | Noticed a juggernaut
 51082 | Depths:3 | Killed a juggernaut
 51136 | Depths:3 | Reached skill level 20 in Fighting
 51151 | Depths:3 | Noticed Boris
 51155 | Depths:3 | Reached skill level 15 in Dodging
 51160 | Depths:3 | Killed Boris
 51197 | Depths:3 | Identified the +6 chain mail "Budelekk" {Rampage *Slow
                  | Slay+2}
 51267 | Depths:3 | Identified the -6 buckler of the Loofah {rElec}
 51385 | Depths:3 | Reached XP level 26. HP: 218/218 MP: 39/39
 51388 | Depths:3 | Found a shadowy altar of Dithmenos.
 51440 | Depths:3 | Found a one-way gateway to a ziggurat.
 52522 | Depths:4 | Entered Level 4 of the Depths
 52770 | Depths:4 | Found a gate to the Realm of Zot.
 52914 | Depths:4 | Found a radiant altar of Vehumet.
 52933 | Depths:4 | Found Wifurit's Book Shop.
 52933 | Depths:4 | Found Linurar's Jewellery Emporium.
 52934 | Depths:4 | Found Adivur's Jewellery Emporium.
 53269 | Zot:1    | Entered Level 1 of the Realm of Zot
 54282 | Zot:2    | Identified the +3 spear "Vajif" {flame, rCorr Str+7}
 54865 | Zot:2    | Found a transporter.
 54866 | Zot:2    | Noticed a dread lich
 54867 | Zot:2    | Noticed Extudin's ghost (master OgTm)
 54871 | Zot:2    | Noticed an ancient lich
 54874 | Zot:2    | Found a transporter.
 54899 | Zot:2    | Noticed an orb of fire
 54918 | Zot:2    | Killed an orb of fire
 54919 | Zot:2    | Reached skill level 21 in Fighting
 55240 | Zot:2    | Killed a dread lich
 55251 | Zot:2    | Killed an ancient lich
 55268 | Zot:2    | Killed Extudin's ghost
 55351 | Zot:3    | Reached XP level 27. HP: 206/228 MP: 34/41
 56567 | Zot:4    | Reached skill level 15 in Earth Magic
 57226 | Zot:5    | Entered Level 5 of the Realm of Zot
 57454 | Zot:5    | Reached skill level 15 in Spellcasting
 57469 | Zot:5    | Noticed a dread lich
 57474 | Zot:5    | Noticed an ancient lich
 57481 | Zot:5    | Killed a dread lich
 57485 | Zot:5    | Killed an ancient lich
 57660 | Zot:5    | Noticed an ancient lich
 57664 | Zot:5    | Noticed a dread lich
 57666 | Zot:5    | Killed an ancient lich
 57667 | Zot:5    | Noticed an orb of fire
 57668 | Zot:5    | Noticed an orb of fire
 57680 | Zot:5    | Killed a dread lich
 57683 | Zot:5    | Killed an orb of fire
 57692 | Zot:5    | Killed an orb of fire
 57695 | Zot:5    | Reached skill level 10 in Translocations
 57712 | Zot:5    | Reached skill level 22 in Fighting
 57717 | Zot:5    | Noticed an ancient lich
 57722 | Zot:5    | Killed an ancient lich
 57754 | Zot:5    | Noticed a dread lich
 57771 | Zot:5    | Killed a dread lich
 58137 | Zot:5    | Noticed a dread lich
 58149 | Zot:5    | Killed a dread lich
 58284 | Zot:5    | Upgraded the game from 0.28-a0-1190-g77e1c55843 to
                  | 0.28-a0-1199-gef9e1dbd39
 58492 | Pan      | Entered Pandemonium
 58556 | Pan      | Noticed Suoqoneu the pandemonium lord
 58594 | Pan      | Killed Suoqoneu the pandemonium lord
 58892 | Pan      | Acquired 1043 gold pieces
 59060 | Pan      | Noticed Bamy the pandemonium lord
 59089 | Pan      | Killed Bamy the pandemonium lord
 59237 | Pan      | Found an exit through the horrors of the Abyss.
 59304 | Pan      | Noticed Moofurr the pandemonium lord
 59315 | Pan      | Reached skill level 23 in Fighting
 59329 | Pan      | Killed Moofurr the pandemonium lord
 59591 | Pan      | Noticed Qosotaph the pandemonium lord
 59600 | Pan      | Killed Qosotaph the pandemonium lord
 59628 | Pan      | Got the Almanac of Gliding Black Arts
 59751 | Pan      | Noticed Cytheuwn the pandemonium lord
 59763 | Pan      | Killed Cytheuwn the pandemonium lord
 59871 | Pan      | Noticed Mennas
 59902 | Pan      | Killed Mennas
 60431 | Pan      | Cast into level 3 of the Abyss (reaper)
 60633 | Abyss:4  | Found a corrupted altar of Lugonu.
 60727 | Abyss:4  | Found a corrupted altar of Lugonu.
 60767 | Abyss:4  | Got an abyssal rune of Zot
 60775 | Pan      | Escaped the Abyss
 60931 | Pan      | Noticed Qekkaj the pandemonium lord
 60940 | Pan      | Killed Qekkaj the pandemonium lord
 61059 | Pan      | Noticed Isuveego the pandemonium lord
 61070 | Pan      | Killed Isuveego the pandemonium lord
 61151 | Pan      | Entered the realm of Gloorx Vloq.
 61300 | Pan      | Reached skill level 24 in Fighting
 61378 | Pan      | Found an exit through the horrors of the Abyss.
 61694 | Pan      | Noticed Gloorx Vloq
 61707 | Pan      | Killed Gloorx Vloq
 61728 | Pan      | Got a dark rune of Zot
 61912 | Pan      | Noticed Vamua the pandemonium lord
 61932 | Pan      | Killed Vamua the pandemonium lord
 62137 | Pan      | Got a demonic rune of Zot
 62138 | Pan      | Found a runed translucent door.
 62209 | Depths:2 | Escaped Pandemonium
 62231 | Pan      | Entered Pandemonium
 62231 | Pan      | Noticed Xive the pandemonium lord
 62364 | Pan      | Noticed Duappufo the pandemonium lord
 62373 | Pan      | Killed Duappufo the pandemonium lord
 62391 | Pan      | Entered the realm of Cerebov.
 62716 | Pan      | Found the +6 sword of Cerebov {flame}
 62716 | Pan      | Noticed Cerebov
 62737 | Pan      | Reached skill level 25 in Fighting
 62839 | Pan      | Identified the ring "Toekh" {rPois Will+ Int+4 Stlth+}
 62844 | Pan      | Identified the +6 scale mail of Death Resistance {-Cast
                  | rElec rPois rN+++ MP-9}
 62854 | Pan      | Got a fiery rune of Zot
 62913 | Pan      | Entered the realm of Mnoleg.
 62914 | Pan      | Noticed Mnoleg
 62936 | Pan      | Killed Mnoleg
 62960 | Pan      | Found the +6 sword of Cerebov {flame}
 62960 | Pan      | Noticed Cerebov
 63000 | Pan      | HP: 2/242 [Cerebov (16)]
 63000 | Pan      | Killed from afar by a balrug

Illustrated notes

Levels and vault maps discovered:
D:1:      lightli_arrival_boilingwater, layout_loops_corners
D:2:      cheibrodos_helix_gallery, layout_loops_cross, uniq_robin
D:3:      layout_basic
D:4:      kennysheep_slugbush, layout_loops_ring, minmay_temple_entry_grid,
          gammafunk_ghost_abyssal_escape, chequers_arboretum
D:5:      layout_loops_ring, nicolae_ossuary_entry_plus
D:6:      layout_loops_ring, marbit_many_paths
D:7:      layout_loops_ring, centaur_isle
D:8:      layout_loops_ring, minmay_shattered_shrine, uniq_grum, uniq_maurice
D:9:      layout_basic, david_lair_generic, nicolae_looking_at_the_future
D:10:     layout_basic, minmay_beelzebubs_servants, uniq_maggie
D:11:     layout_roguey, orc_0_dummy, grunt_decor_arrowhead,
          kennysheep_generic_room_12
D:12:     layout_roguey, serial_shops, kennysheep_little_box
D:13:     minmay_two_paths, layout_cave_pools, ximxim_vaults_locker_room,
          special_room [special_room_orc]
D:14:     layout_cave_pools, serial_column_ruins, column_ruins_hut,
          column_ruins_open_small, column_ruins_open_small,
          column_ruins_corridor_corner, column_ruins_open_small_water,
          column_ruins_corridor_T, column_ruins_columns_T, serial_shops,
          shop_fountains, nicolae_hepliaklqana_hippocampus, uniq_jorgrun,
          uniq_roxanne, uniq_josephine
D:15:     grunt_enter_depths_magical_seal, layout_small_grid, chequers_big_river
Temple:   nicolae_temple_the_god_donut
Lair:1:   layout_regular_city, chequers_serial_rivers_large_b,
          grunt_megastairs_2, uniq_gastronok
Lair:2:   layout_regular_city, nicolae_lair_liquid_snakes, grunt_megastairs_4,
          lemuel_fruit_tree, lemuel_fruit_fields
Lair:3:   layout_roguey, grunt_megastairs_5, infiniplex_staircase_pool_2,
          serial_bayou_shore_a, uniq_fannar
Lair:4:   layout_regular_city, swamp_mist_pool, spider_nest_entry_funnel_web
Lair:5:   layout_loops_ring, serial_forest, infiniplex_forest_side_room,
          infiniplex_forest_straight_4, infiniplex_forest_corner_1,
          infiniplex_forest_split, infiniplex_forest_clump_cross,
          infiniplex_forest_straight_2, infiniplex_forest_clump_long,
          infiniplex_forest_lined_2, beast_lair_carwin_6
Lair:6:   minmay_lair_end_enchanted_forest, layout_regular_city,
          minmay_slime_entry_eyes, gammafunk_ghost_necromancy
Swamp:1:  layout_falls_marsh, evilmike_swamp_ruin_house_5, uniq_louise
Swamp:2:  layout_falls_marsh, basic_altar, hangedman_swamp_wriggling
Swamp:3:  layout_basic_swamp, hangedman_swamp_diagram
Swamp:4:  byrel_swamp_growth_death_and_undeath, layout_basic_swamp
Spider:1: layout_spider_delve
Spider:2: layout_spider_delve
Spider:3: layout_spider_delve
Spider:4: grunt_spider_rune_island, hangedman_stitches_earthworm
Slime:1:  layout_caves
Slime:2:  layout_caves, cheibrodos_slime_lost_civilization_6
Slime:3:  cheibrodos_slime_lost_civilization_3, layout_caves, uniq_dissolution
Slime:4:  layout_caves
Slime:5
Orc:1:    layout_diamond_mine, gammafunk_ghost_grave, uniq_erica, uniq_snorg
Orc:2:    grunt_orc_tribal_feast, layout_diamond_mine, sword_in_stone
Elf:1:    layout_loops_corners, serial_shops, shop_fountains, shop,
          minmay_elf_demonology, minivault_16
Elf:2:    nicolae_elf_blades_splatter_lattice [mumra_blade_entry_bloodbath],
          layout_geoelf_octagon, uniq_saint_roka
Elf:3:    minmay_elf_hall_not_hex, layout_geoelf_castle, serial_shops,
          nicolae_shop_statue_plus, shop_coins, shop,
          nicolae_shop_competitors_out_of_business,
          nicolae_shop_bloodbath_and_beyond
Vaults:1: hangedman_vaults_hat, grunt_vaults_hallway_short,
          vaults_mumra_chevron, vaults_mumra_lcd, nicolae_vaults_hallways_thing,
          vaults_standard_mumra_enter_the_diamond, nicolae_vaults_angled_halls,
          v_alt_pattern_2, nicolae_vaults_theta, nicolae_vaults_asterisk,
          v_pattern_3, vaults_room_hallway, nicolae_vaults_ring_of_whatevers,
          dpeg_vaults_monster_box, vaults_room_corners,
          nicolae_vaults_gold_heap, ontoclasm_vaults_pinch,
          layout_vaults_maze_snakey
Vaults:2: vaults_room_large_hall, minmay_crypt_entry_skeletal_spiral,
          grunt_tower_of_power, hangedman_vaults_pinch, v_misc_4,
          v_alt_pattern_5, v_pattern_5, hangedman_vaults_nails,
          nicolae_vaults_little_ls, nicolae_vaults_circle_grid_b,
          layout_vaults_omnigrid, serial_shops, nicolae_shop_behind_doors,
          nicolae_shop_statue_plus, uniq_sojobo, uniq_donald
Vaults:3: nicolae_vaults_ring_of_whatevers, hangedman_vaults_stream,
          v_pattern_1, nicolae_vaults_puzzle_piece,
          minmay_guarded_unrand_secular_launcher, vaults_standard_mumra_lines,
          vaults_dpeg_cross, ontoclasm_vaults_loading_screen,
          vaults_mumra_hexcomb, vaults_dpeg_hooks, vaults_room_corners,
          layout_vaults_big_cross, serial_shops, bzr_entry_customers,
          uniq_asterion
Vaults:4: hangedman_vaults_river_flow, v_misc_16, vaults_dpeg_diagonal,
          hangedman_vaults_capsules, v_misc_26, ontoclasm_vaults_hangar,
          nicolae_vaults_inception_corners, hangedman_vaults_restitches,
          vaults_dpeg_encased_lava, vaults_room_door_hall,
          nicolae_vaults_meeting, layout_vaults_omnibox, serial_shops,
          nicolae_shop_advertising_works [nicolae_subvault_shop_adworks]
Vaults:5: serial_shops, uniq_bai_suzhen
Crypt:1:  layout_misc_corridors, gammafunk_ghost_grave,
          grunt_crypt_arrival_guarded_gate, grunt_megastairs_1
Crypt:2:  layout_gridlike, minmay_misc_feat_cross, evilmike_ambush
          [evilmike_ambush_outer_basic, evilmike_ambush_inner_basic]
Crypt:3:  david_glass_crypt, layout_chaotic_city, gammafunk_ghost_spectres
Tomb:1
Tomb:2:   uniq_frederick
Tomb:3
Depths:1: layout_gridlike, grunt_metal_band, grunt_decor_junction,
          nicolae_lava_and_water, serial_bayou_lagoon_a
Depths:2: minmay_polygon_palace, layout_gridville, pf_coc_iceberg,
          mu_enter_wizlab_6, rand_demon_pan_entry_1, minmay_misc_feat_tiny
Depths:3: minmay_complete_graph, layout_long_grid, enter_ziggurat_a,
          abyss_entry, nicolae_dithmenos_shadow_blocks, hangedman_geh_valley,
          wad_mini_maze, uniq_boris
Depths:4: evilmike_zot_entry_argh, layout_cave_pools, nicolae_vehumet_radiance,
          hell_entry, minmay_shop_grove, serial_bayou_shore_b,
          serial_bayou_shore_b
Zot:1:    layout_gridlike, st_stairs_2, grunt_ministairs_11
Zot:2:    layout_basic, gammafunk_ghost_mausoleum, drop_trap,
          st_large_dragon_hoard_1, lemuel_elevator
Zot:3:    circus_mu, layout_onion, hangedman_hellfire_club
Zot:4:    layout_basic, grunt_megastairs_3
Zot:5:    layout_cathedral_of_symmetry, st_stairs_13, drop_trap
Pan:      nicolae_pan_glass_arcs, layout_chambers, nicolae_pan_cerebovesque_2,
          evilmike_mini_pan_doors, layout_small_grid, nicolae_pan_sigil_obb,
          evilmike_mini_pan_pillars_b, layout_gridlike,
          evilmike_mini_pan_pillars, layout_chambers, nicolae_pan_hourglass,
          layout_rooms, rand_demon_6, layout_grid_shapes,
          pan_blood_fountain_small, pan_blood_fountain_2,
          nicolae_pan_double_arrow, layout_small_grid, evilmike_mini_pan_thingy,
          layout_gridlike, nicolae_pan_sigil_eeng, evilmike_mini_pan_diamond,
          layout_rooms, evilmike_mini_pan_3x3, layout_gridlike, uniq_mennas_pan,
          pan_blood_fountain, nicolae_pan_double_arrow, layout_gridlike,
          evilmike_mini_pan_branches, layout_gridlike, evilmike_gloorx_vloq_box,
          layout_gridlike, regret_index_pan_draining_boxed, layout_grid_shapes,
          pan_blood_fountain_small, nicolae_pan_sigil_obb, evilmike_holy_pan,
          lemuel_hellion_island, layout_basic, evilmike_mini_pan_doors_b,
          layout_onion_city, evilmike_cerebov_lava, layout_irregular_city,
          pan_blood_fountain_small, mnoleg_grunt_wretched_star,
          layout_onion_city, uniq_cerebov, nicolae_pan_sigil_eeng

Skill      XL: |  1  2  3  4  5  6  7  8  9 10 11 12 13 14 15 16 17 18 19 20 21 22 23 24 25 26 27 |
---------------+----------------------------------------------------------------------------------+-----
Long Blades    | 2 3 4 5 6 10 12 13 14 15 | 15.5
Throwing       | 1 2 3 4 5 6 9 12 13 | 13.5
Stealth        | 1 2 3 4 6 7 |  7.6
Short Blades   | 2 4 5 6 |  6.4
Evocations     | 2 3 6 9 11 | 11.0
Dodging        | 3 6 9 10 12 15 | 15.5
Shields        | 2 4 5 8 12 14 15 | 15.0
Translocations | 7 13 | 13.0
Fighting       | 8 9 10 12 14 17 18 19 20 21 25 | 25.0
Invocations    | 5 8 10 15 16 19 20 | 20.0
Transmutations | 2 5 8 11 12 14 15 16 | 16.0
Earth Magic    | 2 5 8 11 12 13 14 21 | 21.0
Spellcasting   | 3 6 7 9 11 12 14 18 | 18.0
Necromancy     | 4 9 10 12 17 | 17.0
Armour         | |  0.8

Action                   |  1- 3 |  4- 6 |  7- 9 | 10-12 | 13-15 | 16-18 | 19-21 | 22-24 | 25-27 || total
-------------------------+-------+-------+-------+-------+-------+-------+-------+-------+-------++-------
Melee: Falchion          |   141 |   141 |       |       |       |       |       |       |       ||   282
       Headbutt          |     9 |    28 |    46 |   156 |   509 |   306 |   256 |   352 |   899 ||  2561
       Short sword       |       |    12 |   125 |       |       |       |       |       |       ||   137
       Demon blade       |       |       |   147 |   502 |  1115 |   245 |       |       |       ||  2009
       Quick blade       |       |       |       |    83 |   103 |    16 |       |       |    12 ||   214
       Double sword      |       |       |       |       |       |   644 |   782 |  1001 |  2453 ||  4880
Throw: Dart              |       |    25 |    47 |    55 |       |       |       |       |       ||   127
       Boomerang         |       |       |       |    15 |   111 |    90 |     1 |    18 |    13 ||   248
 Cast: Blink             |       |     3 |     6 |    17 |    15 |    14 |    10 |     9 |    12 ||    86
       Statue Form       |       |       |       |       |       |    10 |    17 |    10 |     4 ||    41
       Necromutation     |       |       |       |       |       |       |       |    19 |    89 ||   108
       Passwall          |       |       |       |       |       |       |       |       |     5 ||     5
       Passage of Golubr |       |       |       |       |       |       |       |       |     7 ||     7
       Apportation       |       |       |       |       |       |       |       |       |    11 ||    11
       Shatter           |       |       |       |       |       |       |       |       |     9 ||     9
Invok: Slouch            |       |       |       |       |       |     3 |     1 |     3 |       ||     7
       Temporal Distorti |       |       |       |       |       |     3 |       |       |     1 ||     4
       Step From Time    |       |       |       |       |       |       |     1 |       |       ||     1
 Abil: End Transformatio |       |       |       |       |       |       |     1 |     1 |     1 ||     3
Evoke: Wand              |       |       |    11 |    15 |    10 |     6 |       |     2 |    11 ||    55
       Tin of tremorston |       |       |       |       |     5 |     2 |     1 |     4 |     2 ||    14
       Condenser vane    |       |       |       |       |       |       |       |       |     1 ||     1
  Use: Scroll            |       |     6 |    14 |     8 |    10 |     5 |     6 |     9 |    13 ||    71
       Potion            |       |       |     2 |     5 |     1 |       |     1 |       |     2 ||    11
 Stab: Sleeping          |       |     1 |     8 |    10 |    20 |    12 |    10 |     4 |    10 ||    75
       Distracted        |       |       |     1 |       |     2 |     6 |     1 |     3 |    10 ||    23
       Invisible         |       |       |       |       |    12 |    74 |    17 |    17 |    51 ||   171
       Held in net/web   |       |       |       |       |       |     1 |       |       |       ||     1
       Paralysed         |       |       |       |       |       |       |       |       |     1 ||     1
Armor: Leather armour    |    52 |    42 |    97 |     1 |       |       |       |       |       ||   192
       Skin              |       |       |     5 |       |       |   104 |   403 |   113 |    15 ||   640
       Steam dragon scal |       |       |     2 |    38 |       |       |       |       |       ||    40
       Acid dragon scale |       |       |       |    45 |       |       |       |       |       ||    45
       Troll leather arm |       |       |       |    64 |   203 |   106 |       |       |       ||   373
       Robe              |       |       |       |       |       |    58 |    77 |   235 |   436 ||   806
Dodge: Dodged            |    95 |    70 |   146 |   231 |   675 |  1055 |  1096 |  1027 |  1956 ||  6351
Block: Buckler           |       |       |       |   106 |   341 |   384 |   372 |   166 |       ||  1369
       Kite shield       |       |       |       |       |       |       |       |   606 |  2271 ||  2877

Table legend: (Time is in decaauts)
 A = Elapsed time spent in this place.
 B = Non-inter-level travel time spent in this place.
 C = Inter-level travel time spent in this place.
 D = Time resting spent in this place.
 E = Time spent auto-exploring this place.
 F = Levels seen in this place.
 G = Mean time per level.
                   A        B        C        D        E       F      G
               +--------+--------+--------+--------+--------+-----+--------+
         Total |  94085 |  82479 |  11606 |   2041 |  60792 |  84 | 1120.1 |
       Dungeon |  25080 |  20923 |   4157 |   1766 |  15577 |  15 | 1672.0 |
        Temple |     20 |      7 |     13 |      0 |      4 |   1 |   20.0 |
          Lair |   9325 |   7320 |   2005 |     46 |   5846 |   6 | 1554.2 |
         Swamp |   4469 |   4150 |    319 |      0 |   3127 |   4 | 1117.2 |
   Spider Nest |   4786 |   4449 |    337 |      0 |   3285 |   4 | 1196.5 |
    Slime Pits |    499 |    353 |    146 |      0 |     56 |   5 |   99.8 |
  Orcish Mines |   2123 |   1641 |    482 |      0 |   1093 |   2 | 1061.5 |
   Elven Halls |   5677 |   5031 |    646 |     47 |   4105 |   3 | 1892.3 |
        Vaults |  11062 |  10046 |   1016 |    117 |   7701 |   5 | 2212.4 |
         Crypt |   4694 |   4318 |    376 |      0 |   3236 |   3 | 1564.7 |
          Tomb |   3574 |   2906 |    668 |      0 |   2101 |   3 | 1191.3 |
        Depths |   6338 |   5752 |    586 |     13 |   4432 |   4 | 1584.5 |
           Zot |   8460 |   7612 |    848 |      0 |   5999 |   5 | 1692.0 |
         Abyss |    463 |    463 |      0 |      0 |    183 |   2 |  231.5 |
   Pandemonium |   5649 |   5649 |      0 |     52 |   2851 |  19 |  297.3 |
        Bazaar |    205 |    205 |      0 |      0 |    154 |   1 |  205.0 |
       Ossuary |    493 |    493 |      0 |      0 |    367 |   1 |  493.0 |
        Wizlab |   1160 |   1160 |      0 |      0 |    672 |   1 | 1160.0 |
               +--------+--------+--------+--------+--------+-----+--------+

Top non-repeatable levels by time:
Vaults:2: 2965 daAuts
   Elf:3: 2516 daAuts
Vaults:3: 2290 daAuts
     D:1: 2127 daAuts
Depths:3: 2052 daAuts
Vaults:1: 1993 daAuts
     D:7: 1988 daAuts
    D:15: 1984 daAuts
    D:10: 1929 daAuts
  Tomb:1: 1925 daAuts
Vaults:4: 1923 daAuts
   Zot:2: 1898 daAuts
Vaults:5: 1889 daAuts
 Crypt:1: 1849 daAuts
  Lair:6: 1845 daAuts
